Blues vs Jets

Created - 22 mars 2018 at 17:57

Goals
1 2 3 T
Blues 2 0 0 2
Jets 1 0 2 3
Shots
1 2 3 T
Blues 13 7 18 38
Jets 7 10 7 24

1st period

1. Blues , Cody Eakin 13 (Melker Karlsson 23, Clarke MacArthur 34) at 5:46
2. Blues , Cody Eakin 14 (Clarke MacArthur 35) at 16:22 (PP)
3. Jets , Jacob Josefson 11 (Troy Brouwer 22) at 17:55 (PP)

Penalties :
Ryan Reaves (STL) for Holding (Minor) at 7:50, Nathan Paetsch (WIN) for Boarding (Minor) at 16:05, Cody Eakin (STL) for Hooking (Minor) at 17:18, Clarke MacArthur (STL) for Tripping (Minor) at 19:57

2nd period

No Goal

Penalties :
Rene Bourque (STL) for Roughing (Minor) at 8:34, Clarke MacArthur (STL) for Cross-checking (Minor) at 11:50

3rd period

4. Jets , Jimmy Vesey 7 (Brett Ritchie 9, Wayne Simmonds 39) at 8:09
5. Jets , Jacob Josefson 12 (Troy Brouwer 23, Nathan MacKinnon 51) at 9:38 (PP)

Penalties :
Cody Eakin (STL) for Holding (Minor) at 8:53, Jacob Josefson (WIN) for Hooking (Minor) at 11:26

Goalie Stats

Calvin Pickard (STL), 21 saves from 24 shots - (0,875), L, 11-14-2, 59:07 minutes
Craig Anderson (WIN), 36 saves from 38 shots - (0,947), W, 25-17-6, 60:00 minutes

Players Stats for Blues

Player Name              G  A  P  +/- PIM S  H  SB GA TA FO     MP     PP MP  PK MP  
------------------------------------------------------------------------------------
Alexey Marchenko         0  0  0   1  0   3  0  1  0  2  0/0    21:40   0:40   4:01 
Clarke MacArthur         0  2  2   1  4   6  2  0  2  1  3/6    21:04   1:22   3:21 
Cody Eakin               2  0  2   1  4   5  2  1  1  0  15/31  21:45   1:22   4:02 
Jamie McGinn             0  0  0   0  0   3  4  0  0  0  0/0    14:05   0:54   0:26 
John Mitchell            0  0  0   0  0   0  2  0  0  0  0/0     7:25   0:00   0:09 
Jordan Oesterle          0  0  0  -1  0   2  0  2  1  0  0/0    10:51   0:00   0:00 
Jori Lehtera             0  0  0  -1  0   6  1  1  1  0  5/8    15:09   0:00   3:02 
Julian Melchiori         0  0  0   1  0   1  1  1  0  0  0/0    21:40   0:40   4:01 
Kevin Porter             0  0  0   0  0   2  1  0  0  0  2/5     7:16   0:00   0:00 
Marcus Kruger            0  0  0   0  0   3  0  0  2  0  8/12   15:38   0:54   1:59 
Mark Fayne               0  0  0  -1  0   0  2  1  0  0  0/0    10:51   0:00   0:00 
Matt Martin              0  0  0  -1  0   1  1  0  1  0  0/1    11:38   0:00   0:00 
Melker Karlsson          0  1  1   1  0   1  1  0  1  0  0/3    20:45   1:22   2:52 
Nate Thompson            0  0  0   0  0   0  3  0  0  1  0/0     7:16   0:00   0:00 
Rene Bourque             0  0  0   0  2   3  0  0  0  2  0/0    13:48   0:54   0:00 
Ryan Reaves              0  0  0  -1  2   2  0  1  0  0  0/3    14:47   0:00   2:45 
Simon Despres            0  0  0   0  0   0  1  0  1  0  0/0    27:29   1:36   5:17 
Trevor Daley             0  0  0   0  0   0  2  1  1  0  0/0    27:29   1:36   5:17 

Players Stats for Jets

Player Name              G  A  P  +/- PIM S  H  SB GA TA FO     MP     PP MP  PK MP  
------------------------------------------------------------------------------------
Anton Lindholm           0  0  0   1  0   1  1  1  0  2  0/0    11:19   0:00   0:00 
Brett Ritchie            0  1  1   1  0   0  3  0  0  0  1/1    12:45   0:00   0:18 
Colton Sissons           0  0  0   0  0   0  0  0  0  0  0/2     5:55   0:08   0:00 
Eric Fehr                0  0  0  -1  0   1  1  2  1  0  10/16  18:42   3:46   0:00 
Frederick Gaudreau       0  0  0   0  0   0  0  0  0  0  2/2     2:39   0:16   0:00 
Jacob Josefson           2  0  2  -1  2   5  3  1  1  0  0/0    18:45   3:46   0:00 
Jay McClement            0  0  0   1  0   0  0  0  0  1  5/10   12:53   0:13   0:00 
Jimmy Vesey              1  0  1   1  0   2  0  0  1  0  0/2    12:45   0:00   0:18 
Josh Manson              0  0  0   0  0   1  1  4  0  1  0/0    28:47   6:14   1:28 
Joshua Morrissey         0  0  0  -1  0   0  1  2  0  1  0/0    19:54   3:04   0:48 
Marian Hossa             0  0  0   0  0   2  1  0  0  1  0/1    20:52   5:21   0:19 
Mark Pysyk               0  0  0   0  0   0  1  4  0  2  0/0    28:47   6:14   1:28 
Nate Prosser             0  0  0  -1  0   1  1  1  1  1  0/0    19:54   3:04   0:48 
Nathan MacKinnon         0  1  1   0  0   3  1  0  1  1  17/33  25:38   5:19   1:39 
Nathan Paetsch           0  0  0   1  2   0  1  0  0  0  0/0    11:18   0:00   0:00 
Troy Brouwer             0  2  2  -1  0   1  0  0  0  0  0/0    19:01   3:46   0:19 
Wayne Simmonds           0  1  1   0  0   7  1  0  1  1  1/2    22:12   5:19   1:39 
William Carrier          0  0  0   0  0   0  2  0  0  0  0/0     5:36   0:00   0:00 

3 Stars

1 - Craig Anderson (WIN)
2 - Jacob Josefson (WIN)
3 - Cody Eakin (STL)

Power Play

Blues - 1 on 2 Attempt(s) - 50,00%
Jets - 2 on 6 Attempt(s) - 33,33%

Penalty Kill

Blues - 4 on 6 Attempt(s) - 66,67% - Score 0 goal in Penalty Kill
Jets - 1 on 2 Attempt(s) - 50,00% - Score 0 goal in Penalty Kill

Team Stat

Blues - Hits : 23 - Faceoff Wins : 33 - Blocked Shots : 9 - Penalty Minutes : 12
Jets - Hits : 18 - Faceoff Wins : 36 - Blocked Shots : 15 - Penalty Minutes : 4

Official

Referees : TJ Luxmore and Trevor Hanson
Linesman : Mike Cvik and Lonnie Cameron

Game Notes

No Game Note

Finance

Level 1 -- Attendance: 6000 (100,00%) -- Ticket Income 540 000 $
Level 2 -- Attendance: 4903 (98,06%) -- Ticket Income 269 665 $
Level 3 -- Attendance: 1551 (77,55%) -- Ticket Income 62 040 $
Level 4 -- Attendance: 3864 (96,60%) -- Ticket Income 85 008 $
Luxury Box -- Attendance: 768 (76,80%) -- Ticket Income 153 600 $
Game was played at the No Name Arena.
Total Attendance: 17086 (94,92%)
Total Ticket Income: 1 110 313 $
Other Income: 544 053 $
Total Income: 1 654 366 $

Blues

5 vs 5 Forward 
   Center                   Left Wing                Right Wing               Time % Phy DF OF 
 1 Cody Eakin               Clarke MacArthur         Melker Karlsson          40     1   2  2  
 2 Marcus Kruger            Jamie McGinn             Rene Bourque             30     1   2  2  
 3 Jori Lehtera             Matt Martin              Ryan Reaves              20     1   2  2  
 4 Kevin Porter             Nate Thompson            John Mitchell            10     1   2  2  

5 vs 5 Defense 
   Defense                  Defense                                           Time % Phy DF OF 
 1 Trevor Daley             Simon Despres                                     40     1   2  2  
 2 Julian Melchiori         Alexey Marchenko                                  30     1   2  2  
 3 Mark Fayne               Jordan Oesterle                                   20     1   2  2  
 4 Trevor Daley             Simon Despres                                     10     1   2  2  

PowerPlay Forward 
   Center                   Left Wing                Right Wing               Time % Phy DF OF 
 1 Cody Eakin               Clarke MacArthur         Melker Karlsson          60     1   2  2  
 2 Marcus Kruger            Jamie McGinn             Rene Bourque             40     1   2  2  

PowerPlay Defense
   Defense                  Defense                                           Time % Phy DF OF 
 1 Trevor Daley             Simon Despres                                     60     1   2  2  
 2 Julian Melchiori         Alexey Marchenko                                  40     1   2  2  

Penalty Kill 4 Players Forward 
   Center                   Wing                     Time % Phy DF OF 
 1 Clarke MacArthur         Cody Eakin               60     1   2  2  
 2 Marcus Kruger            Melker Karlsson          40     1   2  2  

Penalty Kill 4 Players Defense
   Defense                  Defense                  Time % Phy DF OF 
 1 Trevor Daley             Simon Despres            60     1   2  2  
 2 Julian Melchiori         Alexey Marchenko         40     1   2  2  

Penalty Kill - 3 Players Forward 
   Forward                                           Time % Phy DF OF 
 1 Clarke MacArthur                                  60     1   2  2  
 2 Cody Eakin                                        40     1   2  2  

Penalty Kill - 3 Players Defense
   Defense                  Defense                  Time % Phy DF OF 
 1 Trevor Daley             Simon Despres            60     1   2  2  
 2 Julian Melchiori         Alexey Marchenko         40     1   2  2  

4 vs 4 Forward 
   Center                   Wing                     Time % Phy DF OF 
 1 Clarke MacArthur         Cody Eakin               60     1   2  2  
 2 Marcus Kruger            Melker Karlsson          40     1   2  2  

4 vs 4 Defense
   Defense                  Defense                  Time % Phy DF OF 
 1 Trevor Daley             Simon Despres            60     1   2  2  
 2 Julian Melchiori         Alexey Marchenko         40     1   2  2  

Last Minutes Offensive
   Center                   Left Wing                Right Wing               Defense                  Defense                  
   Cody Eakin               Clarke MacArthur         Melker Karlsson          Trevor Daley             Simon Despres            

Last Minutes Defensive
   Center                   Left Wing                Right Wing               Defense                  Defense                  
   Cody Eakin               Clarke MacArthur         Melker Karlsson          Trevor Daley             Simon Despres            

Goaltenders
Starting : Calvin Pickard           
Backup : Tom McCollum             

Extra Forwards
Normal : Matt Martin, Jori Lehtera, Ryan Reaves - PP : Matt Martin, Jori Lehtera - PK : Ryan Reaves
Extra Defensemen
Normal : Mark Fayne, Jordan Oesterle, Julian Melchiori - PP : Mark Fayne - PK : Jordan Oesterle, Julian Melchiori
Penalty Shots
Clarke MacArthur, Cody Eakin, Marcus Kruger, Melker Karlsson, Jamie McGinn
Custom OT Lines Forwards
Clarke MacArthur, Cody Eakin, Marcus Kruger, Melker Karlsson, Jamie McGinn, Rene Bourque, Matt Martin, Jori Lehtera, Ryan Reaves, Kevin Porter
Custom OT Lines Defensemen
Trevor Daley, Simon Despres, Julian Melchiori, Alexey Marchenko, Mark Fayne

Scratches
David Schlemko (Healthy), Taylor Chorney (Healthy), Brenden Dillon (Healthy)

Jets

5 vs 5 Forward 
   Center                   Left Wing                Right Wing               Time % Phy DF OF 
 1 Nathan MacKinnon         Wayne Simmonds           Marian Hossa             40     1   2  2  
 2 Eric Fehr                Jacob Josefson           Troy Brouwer             30     1   2  2  
 3 Jay McClement            Jimmy Vesey              Brett Ritchie            20     1   2  2  
 4 Colton Sissons           William Carrier          Nathan MacKinnon         10     1   2  2  

5 vs 5 Defense 
   Defense                  Defense                                           Time % Phy DF OF 
 1 Josh Manson              Mark Pysyk                                        40     1   2  2  
 2 Joshua Morrissey         Nate Prosser                                      30     1   2  2  
 3 Nathan Paetsch           Anton Lindholm                                    20     1   2  2  
 4 Josh Manson              Mark Pysyk                                        10     1   2  2  

PowerPlay Forward 
   Center                   Left Wing                Right Wing               Time % Phy DF OF 
 1 Nathan MacKinnon         Wayne Simmonds           Marian Hossa             60     1   2  2  
 2 Eric Fehr                Jacob Josefson           Troy Brouwer             40     1   2  2  

PowerPlay Defense
   Defense                  Defense                                           Time % Phy DF OF 
 1 Josh Manson              Mark Pysyk                                        60     1   2  2  
 2 Joshua Morrissey         Nate Prosser                                      40     1   2  2  

Penalty Kill 4 Players Forward 
   Center                   Wing                     Time % Phy DF OF 
 1 Nathan MacKinnon         Wayne Simmonds           60     1   2  2  
 2 Marian Hossa             Troy Brouwer             40     1   2  2  

Penalty Kill 4 Players Defense
   Defense                  Defense                  Time % Phy DF OF 
 1 Josh Manson              Mark Pysyk               60     1   2  2  
 2 Joshua Morrissey         Nate Prosser             40     1   2  2  

Penalty Kill - 3 Players Forward 
   Forward                                           Time % Phy DF OF 
 1 Nathan MacKinnon                                  60     1   2  2  
 2 Wayne Simmonds                                    40     1   2  2  

Penalty Kill - 3 Players Defense
   Defense                  Defense                  Time % Phy DF OF 
 1 Josh Manson              Mark Pysyk               60     1   2  2  
 2 Joshua Morrissey         Nate Prosser             40     1   2  2  

4 vs 4 Forward 
   Center                   Wing                     Time % Phy DF OF 
 1 Nathan MacKinnon         Wayne Simmonds           60     1   2  2  
 2 Marian Hossa             Troy Brouwer             40     1   2  2  

4 vs 4 Defense
   Defense                  Defense                  Time % Phy DF OF 
 1 Josh Manson              Mark Pysyk               60     1   2  2  
 2 Joshua Morrissey         Nate Prosser             40     1   2  2  

Last Minutes Offensive
   Center                   Left Wing                Right Wing               Defense                  Defense                  
   Nathan MacKinnon         Wayne Simmonds           Marian Hossa             Josh Manson              Mark Pysyk               

Last Minutes Defensive
   Center                   Left Wing                Right Wing               Defense                  Defense                  
   Nathan MacKinnon         Wayne Simmonds           Marian Hossa             Josh Manson              Mark Pysyk               

Goaltenders
Starting : Craig Anderson           
Backup : Anton Forsberg           

Extra Forwards
Normal : Frederick Gaudreau, Jay McClement, Brett Ritchie - PP : Frederick Gaudreau, Jay McClement - PK : Brett Ritchie
Extra Defensemen
Normal : Nathan Paetsch, Anton Lindholm, Joshua Morrissey - PP : Nathan Paetsch - PK : Anton Lindholm, Joshua Morrissey
Penalty Shots
Nathan MacKinnon, Wayne Simmonds, Marian Hossa, Troy Brouwer, Eric Fehr
Custom OT Lines Forwards
Nathan MacKinnon, Wayne Simmonds, Marian Hossa, Troy Brouwer, Eric Fehr, Jay McClement, Jacob Josefson, Brett Ritchie, Colton Sissons, Jimmy Vesey
Custom OT Lines Defensemen
Josh Manson, Mark Pysyk, Joshua Morrissey, Nate Prosser, Nathan Paetsch

Scratches
Alex Galchenyuk (Sports Hernia Injury), Duncan Keith (Healthy), Josh Gorges (Healthy), Travis Hamonic (Healthy)

% Time on Ice - Blues

Lines # - Real PCT - Wanted PCT - Time Play
Normal Forward
1 - 33% - 40% - 15:46
2 - 27% - 30% - 12:45
3 - 25% - 20% - 11:38
4 - 15% - 10% - 7:16
Normal Defense
1 - 39% - 40% - 18:41
2 - 35% - 30% - 16:36
3 - 23% - 20% - 10:51
4 - 3% - 10% - 1:17
PP Forward
1 - 60% - 60% - 1:22
2 - 40% - 40% - 0:54
PP Defense
1 - 71% - 60% - 1:36
2 - 29% - 40% - 0:40
PK Forward
1 - 79% - 60% - 7:19
2 - 21% - 40% - 1:59
PK Defense
1 - 57% - 60% - 5:17
2 - 43% - 40% - 4:01
PK3 Forward
1 - 0% - 60%
2 - 0% - 40%
PK3 Defense
1 - 0% - 60%
2 - 0% - 40%
44 Forward
1 - 0% - 60%
2 - 0% - 40%
44 Defense
1 - 0% - 60%
2 - 0% - 40%
Last Minute Offensive  - 1:01
Last Minute Defensive  - 0:00
Total
Forward - 60:00
Defense - 60:00

% Time on Ice - Jets

Lines # - Real PCT - Wanted PCT - Time Play
Normal Forward
1 - 30% - 40% - 14:25
2 - 32% - 30% - 14:56
3 - 26% - 20% - 12:27
4 - 12% - 10% - 5:36
Normal Defense
1 - 40% - 40% - 18:46
2 - 34% - 30% - 16:02
3 - 24% - 20% - 11:19
4 - 3% - 10% - 1:17
PP Forward
1 - 59% - 60% - 5:32
2 - 41% - 40% - 3:46
PP Defense
1 - 67% - 60% - 6:14
2 - 33% - 40% - 3:04
PK Forward
1 - 86% - 60% - 1:57
2 - 14% - 40% - 0:19
PK Defense
1 - 65% - 60% - 1:28
2 - 35% - 40% - 0:48
PK3 Forward
1 - 0% - 60%
2 - 0% - 40%
PK3 Defense
1 - 0% - 60%
2 - 0% - 40%
44 Forward
1 - 0% - 60%
2 - 0% - 40%
44 Defense
1 - 0% - 60%
2 - 0% - 40%
Last Minute Offensive  - 0:00
Last Minute Defensive  - 1:02
Total
Forward - 60:00
Defense - 60:00

Play by Play

1st period


0:01 of 1st period - Cody Eakin wins face-off versus Nathan MacKinnon in neutral zone.
0:30 of 1st period - Snap shot by Marcus Kruger.
0:30 of 1st period - Deflect By Jamie McGinn.
0:30 of 1st period - Stopped by Craig Anderson without a rebound.
0:31 of 1st period - Eric Fehr wins face-off versus Matt Martin in Jets zone.
0:50 of 1st period - Slapshot by Troy Brouwer.
0:50 of 1st period - Deflect By Eric Fehr.
0:50 of 1st period - Shot Misses the Net.
0:50 of 1st period - Puck is out of play.
0:51 of 1st period - Kevin Porter wins face-off versus Jay McClement in Blues zone.
1:02 of 1st period - Jay McClement is hit by John Mitchell and loses puck.
1:17 of 1st period - Nathan MacKinnon is hit by Mark Fayne and loses puck.
1:43 of 1st period - Snap shot by Clarke MacArthur.
1:43 of 1st period - Deflect By Josh Manson.
1:43 of 1st period - Shot Misses the Net.
1:43 of 1st period - Puck is out of play.
1:44 of 1st period - Cody Eakin wins face-off versus Colton Sissons in Jets zone.
2:17 of 1st period - Snap shot by Rene Bourque.
2:17 of 1st period - Shot Blocked by Joshua Morrissey.
2:23 of 1st period - Jay McClement is hit by Jamie McGinn and loses puck.
2:36 of 1st period - Snap shot by Rene Bourque.
2:36 of 1st period - Shot Blocked by Nate Prosser.
2:44 of 1st period - Wrist shot by Jamie McGinn.
2:44 of 1st period - Stopped by Craig Anderson without a rebound.
2:45 of 1st period - Nathan MacKinnon wins face-off versus Cody Eakin in Jets zone.
4:05 of 1st period - Troy Brouwer is hit by Jamie McGinn.
4:29 of 1st period - Kevin Porter is hit by Brett Ritchie and loses puck.
5:10 of 1st period - Snap shot by Clarke MacArthur.
5:10 of 1st period - Shot Misses the Net.
5:26 of 1st period - Snap shot by Jori Lehtera.
5:26 of 1st period - Stopped by Craig Anderson without a rebound.
5:27 of 1st period - Jori Lehtera wins face-off versus Eric Fehr in Jets zone.
5:30 of 1st period - Wrist shot by Jori Lehtera.
5:30 of 1st period - Stopped by Craig Anderson without a rebound.
5:31 of 1st period - Eric Fehr wins face-off versus Melker Karlsson in Jets zone.
5:42 of 1st period - Slapshot by Clarke MacArthur.
5:42 of 1st period - Deflect By Troy Brouwer.
5:42 of 1st period - Stopped by Craig Anderson with a rebound.
5:44 of 1st period - Wrist shot by Melker Karlsson.
5:44 of 1st period - Shot Blocked by Eric Fehr.
5:46 of 1st period - Snap shot by Cody Eakin.
5:46 of 1st period - Goal by Cody Eakin - Blues : 1 - Jets : 0.
5:47 of 1st period - Nathan MacKinnon wins face-off versus Cody Eakin in neutral zone.
7:00 of 1st period - Snap shot by Colton Sissons.
7:00 of 1st period - Shot Misses the Net.
7:50 of 1st period - Minor Penalty to Ryan Reaves for Holding.
7:51 of 1st period - Clarke MacArthur wins face-off versus Nathan MacKinnon in Blues zone.
7:51 of 1st period - Clarke MacArthur is hit by Josh Manson.
9:13 of 1st period - Eric Fehr is hit by Julian Melchiori and loses puck.
9:50 of 1st period - Penalty to Ryan Reaves is over, Ryan Reaves is back on ice.
10:06 of 1st period - Off-side.
10:07 of 1st period - Jay McClement wins face-off versus Kevin Porter in neutral zone.
10:28 of 1st period - Slapshot by Nathan MacKinnon.
10:28 of 1st period - Stopped by Calvin Pickard without a rebound.
10:29 of 1st period - Marcus Kruger wins face-off versus Colton Sissons in Blues zone.
10:29 of 1st period - Marcus Kruger is hit by William Carrier.
11:26 of 1st period - Icing by Matt Martin.
11:27 of 1st period - Jori Lehtera wins face-off versus Nathan MacKinnon in Blues zone.
11:58 of 1st period - Snap shot by Matt Martin.
11:58 of 1st period - Shot Blocked by Mark Pysyk.
12:00 of 1st period - Slapshot by Ryan Reaves.
12:00 of 1st period - Shot Misses the Net.
12:02 of 1st period - Slapshot by Julian Melchiori.
12:02 of 1st period - Stopped by Craig Anderson with a rebound.
12:04 of 1st period - Wrist shot by Jori Lehtera.
12:04 of 1st period - Shot Misses the Net.
12:06 of 1st period - Snap shot by Jori Lehtera.
12:06 of 1st period - Stopped by Craig Anderson with a rebound.
12:18 of 1st period - Slapshot by Matt Martin.
12:18 of 1st period - Shot Misses the Net.
12:35 of 1st period - Wrist shot by Matt Martin.
12:35 of 1st period - Shot Misses the Net.
12:37 of 1st period - Slapshot by Ryan Reaves.
12:37 of 1st period - Shot Misses the Net.
12:39 of 1st period - Snap shot by Alexey Marchenko.
12:39 of 1st period - Shot Blocked by Mark Pysyk.
12:41 of 1st period - Snap shot by Matt Martin.
12:41 of 1st period - Shot Misses the Net.
13:00 of 1st period - Julian Melchiori is hit by Jacob Josefson and loses puck.
13:07 of 1st period - Snap shot by Jacob Josefson.
13:07 of 1st period - Shot Blocked by Ryan Reaves.
13:30 of 1st period - Snap shot by Jori Lehtera.
13:30 of 1st period - Shot Misses the Net.
13:32 of 1st period - Snap shot by Matt Martin.
13:32 of 1st period - Shot Misses the Net.
13:34 of 1st period - Wrist shot by Matt Martin.
13:34 of 1st period - Shot Blocked by Mark Pysyk.
13:56 of 1st period - Snap shot by Jacob Josefson.
13:56 of 1st period - Shot Misses the Net.
14:16 of 1st period - Slapshot by Jori Lehtera.
14:16 of 1st period - Stopped by Craig Anderson without a rebound.
14:17 of 1st period - Cody Eakin wins face-off versus Nathan MacKinnon in Jets zone.
14:30 of 1st period - Backhand shot by Wayne Simmonds.
14:30 of 1st period - Stopped by Calvin Pickard without a rebound.
14:31 of 1st period - Cody Eakin wins face-off versus Nathan MacKinnon in Blues zone.
14:44 of 1st period - Slapshot by Wayne Simmonds.
14:44 of 1st period - Stopped by Calvin Pickard without a rebound.
14:45 of 1st period - Marcus Kruger wins face-off versus Marian Hossa in Blues zone.
14:50 of 1st period - Snap shot by Jamie McGinn.
14:50 of 1st period - Shot Misses the Net.
15:12 of 1st period - Trevor Daley is hit by Brett Ritchie and loses puck.
15:38 of 1st period - Nathan MacKinnon is hit by Kevin Porter and loses puck.
16:05 of 1st period - Minor Penalty to Nathan Paetsch for Boarding.
16:06 of 1st period - Nathan MacKinnon wins face-off versus Melker Karlsson in Jets zone.
16:16 of 1st period - Wrist shot by Cody Eakin.
16:16 of 1st period - Stopped by Craig Anderson without a rebound.
16:17 of 1st period - Cody Eakin wins face-off versus Wayne Simmonds in Jets zone.
16:22 of 1st period - Slapshot by Cody Eakin.
16:22 of 1st period - Goal by Cody Eakin - Blues : 2 - Jets : 0.
16:23 of 1st period - Nathan MacKinnon wins face-off versus Cody Eakin in neutral zone.
16:34 of 1st period - Wrist shot by Clarke MacArthur.
16:34 of 1st period - Stopped by Craig Anderson with a rebound.
16:56 of 1st period - Icing by Rene Bourque.
16:57 of 1st period - Jay McClement wins face-off versus Marcus Kruger in Blues zone.
17:01 of 1st period - Wrist shot by Jay McClement.
17:01 of 1st period - Shot Misses the Net.
17:03 of 1st period - Slapshot by Joshua Morrissey.
17:03 of 1st period - Shot Blocked by Jordan Oesterle.
17:05 of 1st period - Slapshot by Nate Prosser.
17:05 of 1st period - Deflect By Jimmy Vesey.
17:05 of 1st period - Shot Blocked by Jordan Oesterle.
17:05 of 1st period - Puck is out of play.
17:06 of 1st period - Nathan MacKinnon wins face-off versus Cody Eakin in Blues zone.
17:18 of 1st period - Minor Penalty to Cody Eakin for Hooking.
17:19 of 1st period - Nathan MacKinnon wins face-off versus Clarke MacArthur in Blues zone.
17:23 of 1st period - Slapshot by Wayne Simmonds.
17:23 of 1st period - Stopped by Calvin Pickard without a rebound.
17:24 of 1st period - Clarke MacArthur wins face-off versus Nathan MacKinnon in Blues zone.
17:24 of 1st period - Clarke MacArthur is hit by Marian Hossa.
17:55 of 1st period - Wrist shot by Jacob Josefson.
17:55 of 1st period - Goal by Jacob Josefson - Blues : 2 - Jets : 1.
17:56 of 1st period - Nathan MacKinnon wins face-off versus Cody Eakin in neutral zone.
18:13 of 1st period - Snap shot by Marian Hossa.
18:13 of 1st period - Stopped by Calvin Pickard without a rebound.
18:14 of 1st period - Marcus Kruger wins face-off versus Eric Fehr in Blues zone.
18:47 of 1st period - Wrist shot by Clarke MacArthur.
18:47 of 1st period - Stopped by Craig Anderson with a rebound.
19:11 of 1st period - Snap shot by Nathan MacKinnon.
19:11 of 1st period - Stopped by Calvin Pickard with a rebound.
19:28 of 1st period - Off-side.
19:29 of 1st period - Jay McClement wins face-off versus Kevin Porter in neutral zone.
19:50 of 1st period - Snap shot by Jimmy Vesey.
19:50 of 1st period - Shot Blocked by Julian Melchiori.
19:52 of 1st period - Slapshot by Nathan Paetsch.
19:52 of 1st period - Deflect By Jimmy Vesey.
19:52 of 1st period - Shot Misses the Net.
19:52 of 1st period - Puck is out of play.
19:53 of 1st period - Eric Fehr wins face-off versus Cody Eakin in Blues zone.
19:57 of 1st period - Minor Penalty to Clarke MacArthur for Tripping.
19:58 of 1st period - Nathan MacKinnon wins face-off versus Ryan Reaves in Blues zone.
Goals for this period are 2 for Blues vs 1 for Jets.
Shots for this period are 13 for Blues vs 7 for Jets.

2nd period


0:01 of 2nd period - Nathan MacKinnon wins face-off versus Ryan Reaves in neutral zone.
1:57 of 2nd period - Penalty to Clarke MacArthur is over, Clarke MacArthur is back on ice.
2:23 of 2nd period - Nathan MacKinnon is hit by Nate Thompson and loses puck.
3:12 of 2nd period - Off-side.
3:13 of 2nd period - Marcus Kruger wins face-off versus Jimmy Vesey in neutral zone.
3:25 of 2nd period - Icing by Jay McClement.
3:26 of 2nd period - Cody Eakin wins face-off versus Jimmy Vesey in Jets zone.
3:47 of 2nd period - Snap shot by Jimmy Vesey.
3:47 of 2nd period - Shot Misses the Net.
3:53 of 2nd period - Jimmy Vesey is hit by Simon Despres and loses puck.
4:12 of 2nd period - Jimmy Vesey is hit by Mark Fayne and loses puck.
4:19 of 2nd period - Snap shot by Jori Lehtera.
4:19 of 2nd period - Stopped by Craig Anderson without a rebound.
4:20 of 2nd period - Nathan MacKinnon wins face-off versus Cody Eakin in Jets zone.
4:20 of 2nd period - Nathan MacKinnon is hit by Clarke MacArthur.
4:34 of 2nd period - Snap shot by Nathan MacKinnon.
4:34 of 2nd period - Shot Misses the Net.
5:38 of 2nd period - Ryan Reaves is hit by Jacob Josefson and loses puck.
5:51 of 2nd period - Joshua Morrissey is hit by Clarke MacArthur and loses puck.
5:56 of 2nd period - Wrist shot by Clarke MacArthur.
5:56 of 2nd period - Shot Blocked by Joshua Morrissey.
5:58 of 2nd period - Snap shot by Melker Karlsson.
5:58 of 2nd period - Shot Misses the Net.
6:00 of 2nd period - Slapshot by Jordan Oesterle.
6:00 of 2nd period - Stopped by Craig Anderson with a rebound.
6:30 of 2nd period - Nathan MacKinnon is hit by Nate Thompson and loses puck.
6:51 of 2nd period - Ryan Reaves is hit by Nathan Paetsch and loses puck.
6:58 of 2nd period - Snap shot by Jacob Josefson.
6:58 of 2nd period - Stopped by Calvin Pickard with a rebound.
7:00 of 2nd period - Wrist shot by Jacob Josefson.
7:00 of 2nd period - Deflect By Trevor Daley.
7:00 of 2nd period - Stopped by Calvin Pickard without a rebound.
7:01 of 2nd period - Cody Eakin wins face-off versus Jay McClement in Blues zone.
7:11 of 2nd period - Icing by Jimmy Vesey.
7:12 of 2nd period - Jay McClement wins face-off versus Cody Eakin in Jets zone.
7:42 of 2nd period - Slapshot by Nathan MacKinnon.
7:42 of 2nd period - Shot Misses the Net.
7:44 of 2nd period - Slapshot by Josh Manson.
7:44 of 2nd period - Stopped by Calvin Pickard with a rebound.
7:46 of 2nd period - Slapshot by Wayne Simmonds.
7:46 of 2nd period - Stopped by Calvin Pickard with a rebound.
7:48 of 2nd period - Snap shot by Nathan MacKinnon.
7:48 of 2nd period - Shot Misses the Net.
7:50 of 2nd period - Snap shot by Nathan MacKinnon.
7:50 of 2nd period - Deflect By Marian Hossa.
7:50 of 2nd period - Stopped by Calvin Pickard without a rebound.
7:51 of 2nd period - Eric Fehr wins face-off versus Cody Eakin in Blues zone.
7:54 of 2nd period - Snap shot by Jacob Josefson.
7:54 of 2nd period - Shot Misses the Net.
8:04 of 2nd period - Snap shot by Clarke MacArthur.
8:04 of 2nd period - Shot Blocked by Jacob Josefson.
8:06 of 2nd period - Wrist shot by Melker Karlsson.
8:06 of 2nd period - Stopped by Craig Anderson with a rebound.
8:21 of 2nd period - Jamie McGinn is hit by Joshua Morrissey and loses puck.
8:34 of 2nd period - Minor Penalty to Rene Bourque for Roughing.
8:35 of 2nd period - Clarke MacArthur wins face-off versus Nathan MacKinnon in Blues zone.
8:48 of 2nd period - Marian Hossa is hit by Trevor Daley and loses puck.
9:11 of 2nd period - Snap shot by Troy Brouwer.
9:11 of 2nd period - Stopped by Calvin Pickard without a rebound.
9:12 of 2nd period - Nathan MacKinnon wins face-off versus Clarke MacArthur in Blues zone.
10:34 of 2nd period - Penalty to Rene Bourque is over, Rene Bourque is back on ice.
10:43 of 2nd period - Off-side.
10:44 of 2nd period - Marcus Kruger wins face-off versus Jay McClement in neutral zone.
11:16 of 2nd period - Icing by Trevor Daley.
11:17 of 2nd period - Jori Lehtera wins face-off versus Nathan MacKinnon in Blues zone.
11:48 of 2nd period - Wrist shot by Josh Manson.
11:48 of 2nd period - Shot Misses the Net.
11:50 of 2nd period - Minor Penalty to Clarke MacArthur for Cross-checking.
11:51 of 2nd period - Nathan MacKinnon wins face-off versus Ryan Reaves in Blues zone.
12:02 of 2nd period - Snap shot by Wayne Simmonds.
12:02 of 2nd period - Stopped by Calvin Pickard with a rebound.
12:04 of 2nd period - Slapshot by Mark Pysyk.
12:04 of 2nd period - Shot Misses the Net.
13:50 of 2nd period - Penalty to Clarke MacArthur is over, Clarke MacArthur is back on ice.
14:00 of 2nd period - Snap shot by Kevin Porter.
14:00 of 2nd period - Stopped by Craig Anderson without a rebound.
14:01 of 2nd period - Kevin Porter wins face-off versus Jay McClement in Jets zone.
14:06 of 2nd period - Wrist shot by Kevin Porter.
14:06 of 2nd period - Shot Misses the Net.
14:08 of 2nd period - Slapshot by Mark Fayne.
14:08 of 2nd period - Shot Misses the Net.
14:10 of 2nd period - Slapshot by Jordan Oesterle.
14:10 of 2nd period - Deflect By Jay McClement.
14:10 of 2nd period - Stopped by Craig Anderson without a rebound.
14:11 of 2nd period - Marcus Kruger wins face-off versus Eric Fehr in Jets zone.
14:14 of 2nd period - Snap shot by Rene Bourque.
14:14 of 2nd period - Stopped by Craig Anderson with a rebound.
14:16 of 2nd period - Wrist shot by Rene Bourque.
14:16 of 2nd period - Shot Misses the Net.
14:18 of 2nd period - Wrist shot by Rene Bourque.
14:18 of 2nd period - Deflect By Marcus Kruger.
14:18 of 2nd period - Shot Blocked by Anton Lindholm.
14:18 of 2nd period - Puck is out of play.
14:19 of 2nd period - Eric Fehr wins face-off versus Marcus Kruger in Jets zone.
14:19 of 2nd period - Eric Fehr is hit by Jamie McGinn.
14:27 of 2nd period - Wrist shot by Rene Bourque.
14:27 of 2nd period - Stopped by Craig Anderson without a rebound.
14:28 of 2nd period - Wayne Simmonds wins face-off versus Melker Karlsson in Jets zone.
15:03 of 2nd period - Wrist shot by Jimmy Vesey.
15:03 of 2nd period - Stopped by Calvin Pickard without a rebound.
15:04 of 2nd period - Nathan MacKinnon wins face-off versus Marcus Kruger in Blues zone.
15:29 of 2nd period - Joshua Morrissey is hit by Cody Eakin and loses puck.
15:55 of 2nd period - Jay McClement is hit by Matt Martin and loses puck.
16:16 of 2nd period - Snap shot by Nathan MacKinnon.
16:16 of 2nd period - Stopped by Calvin Pickard with a rebound.
16:22 of 2nd period - Nate Prosser is hit by John Mitchell and loses puck.
17:29 of 2nd period - Off-side.
17:30 of 2nd period - Eric Fehr wins face-off versus Kevin Porter in neutral zone.
18:39 of 2nd period - Jordan Oesterle is hit by Anton Lindholm.
18:45 of 2nd period - Wrist shot by Jacob Josefson.
18:45 of 2nd period - Shot Blocked by Mark Fayne.
18:47 of 2nd period - Snap shot by Eric Fehr.
18:47 of 2nd period - Stopped by Calvin Pickard with a rebound.
19:07 of 2nd period - Slapshot by Cody Eakin.
19:07 of 2nd period - Shot Misses the Net.
19:41 of 2nd period - Slapshot by Julian Melchiori.
19:41 of 2nd period - Shot Blocked by Eric Fehr.
Goals for this period are 0 for Blues vs 0 for Jets.
Shots for this period are 7 for Blues vs 10 for Jets.

3rd period


0:01 of 3rd period - Cody Eakin wins face-off versus Nathan MacKinnon in neutral zone.
0:12 of 3rd period - Snap shot by Clarke MacArthur.
0:12 of 3rd period - Stopped by Craig Anderson without a rebound.
0:13 of 3rd period - Cody Eakin wins face-off versus Nathan MacKinnon in Jets zone.
0:50 of 3rd period - Snap shot by Jimmy Vesey.
0:50 of 3rd period - Shot Misses the Net.
0:52 of 3rd period - Slapshot by Nate Prosser.
0:52 of 3rd period - Stopped by Calvin Pickard without a rebound.
0:53 of 3rd period - Marcus Kruger wins face-off versus Nathan MacKinnon in Blues zone.
0:58 of 3rd period - Josh Manson is hit by Jamie McGinn and loses puck.
1:05 of 3rd period - Snap shot by Rene Bourque.
1:05 of 3rd period - Stopped by Craig Anderson with a rebound.
1:07 of 3rd period - Slapshot by Julian Melchiori.
1:07 of 3rd period - Deflect By Jamie McGinn.
1:07 of 3rd period - Stopped by Craig Anderson with a rebound.
1:09 of 3rd period - Wrist shot by Alexey Marchenko.
1:09 of 3rd period - Stopped by Craig Anderson without a rebound.
1:10 of 3rd period - Jori Lehtera wins face-off versus Eric Fehr in Jets zone.
1:13 of 3rd period - Slapshot by Jori Lehtera.
1:13 of 3rd period - Deflect By Jacob Josefson.
1:13 of 3rd period - Shot Blocked by Josh Manson.
1:13 of 3rd period - Puck is out of play.
1:14 of 3rd period - Eric Fehr wins face-off versus Jori Lehtera in Jets zone.
2:05 of 3rd period - Snap shot by Kevin Porter.
2:05 of 3rd period - Shot Misses the Net.
2:07 of 3rd period - Wrist shot by Kevin Porter.
2:07 of 3rd period - Deflect By Wayne Simmonds.
2:07 of 3rd period - Stopped by Craig Anderson with a rebound.
2:16 of 3rd period - Off-side.
2:17 of 3rd period - Cody Eakin wins face-off versus Eric Fehr in neutral zone.
2:30 of 3rd period - Snap shot by Clarke MacArthur.
2:30 of 3rd period - Stopped by Craig Anderson without a rebound.
2:31 of 3rd period - Eric Fehr wins face-off versus Cody Eakin in Jets zone.
2:31 of 3rd period - Eric Fehr is hit by Cody Eakin.
2:47 of 3rd period - Wrist shot by Jacob Josefson.
2:47 of 3rd period - Shot Misses the Net.
2:56 of 3rd period - Icing by Eric Fehr.
2:57 of 3rd period - Marcus Kruger wins face-off versus Nathan MacKinnon in Jets zone.
3:30 of 3rd period - Julian Melchiori is hit by Eric Fehr and loses puck.
3:54 of 3rd period - Snap shot by Jimmy Vesey.
3:54 of 3rd period - Shot Misses the Net.
3:56 of 3rd period - Slapshot by Josh Manson.
3:56 of 3rd period - Shot Misses the Net.
4:31 of 3rd period - Jacob Josefson is hit by Trevor Daley and loses puck.
5:12 of 3rd period - Jordan Oesterle is hit by Brett Ritchie.
6:14 of 3rd period - Kevin Porter is hit by William Carrier and loses puck.
6:21 of 3rd period - Colton Sissons is hit by Nate Thompson and loses puck.
6:32 of 3rd period - Nate Prosser is hit by Melker Karlsson and loses puck.
7:07 of 3rd period - Snap shot by Jamie McGinn.
7:07 of 3rd period - Shot Blocked by Josh Manson.
7:13 of 3rd period - Slapshot by Marcus Kruger.
7:13 of 3rd period - Stopped by Craig Anderson without a rebound.
7:14 of 3rd period - Eric Fehr wins face-off versus Cody Eakin in Jets zone.
7:27 of 3rd period - Wrist shot by Troy Brouwer.
7:27 of 3rd period - Shot Blocked by Cody Eakin.
8:09 of 3rd period - Slapshot by Jimmy Vesey.
8:09 of 3rd period - Goal by Jimmy Vesey - Blues : 2 - Jets : 2.
8:10 of 3rd period - Cody Eakin wins face-off versus Nathan MacKinnon in neutral zone.
8:21 of 3rd period - Wrist shot by Clarke MacArthur.
8:21 of 3rd period - Shot Misses the Net.
8:35 of 3rd period - Marcus Kruger is hit by Mark Pysyk and loses puck.
8:40 of 3rd period - Snap shot by Jacob Josefson.
8:40 of 3rd period - Shot Misses the Net.
8:42 of 3rd period - Slapshot by Nate Prosser.
8:42 of 3rd period - Deflect By Jacob Josefson.
8:42 of 3rd period - Stopped by Calvin Pickard without a rebound.
8:43 of 3rd period - Eric Fehr wins face-off versus Cody Eakin in Blues zone.
8:50 of 3rd period - Snap shot by Jacob Josefson.
8:50 of 3rd period - Deflect By Melker Karlsson.
8:50 of 3rd period - Shot Misses the Net.
8:50 of 3rd period - Puck is out of play.
8:51 of 3rd period - Cody Eakin wins face-off versus Eric Fehr in Blues zone.
8:53 of 3rd period - Minor Penalty to Cody Eakin for Holding.
8:54 of 3rd period - Nathan MacKinnon wins face-off versus Clarke MacArthur in Blues zone.
9:36 of 3rd period - Wrist shot by Jacob Josefson.
9:36 of 3rd period - Shot Blocked by Alexey Marchenko.
9:38 of 3rd period - Slapshot by Jacob Josefson.
9:38 of 3rd period - Goal by Jacob Josefson - Blues : 2 - Jets : 3.
9:39 of 3rd period - Cody Eakin wins face-off versus Nathan MacKinnon in neutral zone.
10:13 of 3rd period - Trevor Daley is hit by Jacob Josefson and loses puck.
10:26 of 3rd period - Snap shot by Matt Martin.
10:26 of 3rd period - Stopped by Craig Anderson without a rebound.
10:27 of 3rd period - Jay McClement wins face-off versus Jori Lehtera in Jets zone.
10:27 of 3rd period - Jay McClement is hit by Jori Lehtera.
10:41 of 3rd period - Snap shot by Matt Martin.
10:41 of 3rd period - Deflect By Jori Lehtera.
10:41 of 3rd period - Stopped by Craig Anderson with a rebound.
10:43 of 3rd period - Backhand shot by Ryan Reaves.
10:43 of 3rd period - Stopped by Craig Anderson with a rebound.
10:53 of 3rd period - Julian Melchiori is hit by Wayne Simmonds and loses puck.
11:17 of 3rd period - Snap shot by Jamie McGinn.
11:17 of 3rd period - Shot Misses the Net.
11:19 of 3rd period - Wrist shot by Marcus Kruger.
11:19 of 3rd period - Stopped by Craig Anderson with a rebound.
11:26 of 3rd period - Minor Penalty to Jacob Josefson for Hooking.
11:27 of 3rd period - Nathan MacKinnon wins face-off versus Cody Eakin in Jets zone.
12:19 of 3rd period - Slapshot by Marian Hossa.
12:19 of 3rd period - Shot Misses the Net.
12:33 of 3rd period - Snap shot by Marcus Kruger.
12:33 of 3rd period - Deflect By Melker Karlsson.
12:33 of 3rd period - Shot Misses the Net.
12:33 of 3rd period - Puck is out of play.
12:34 of 3rd period - Brett Ritchie wins face-off versus Cody Eakin in Jets zone.
12:46 of 3rd period - Wrist shot by Cody Eakin.
12:46 of 3rd period - Shot Misses the Net.
12:48 of 3rd period - Snap shot by Clarke MacArthur.
12:48 of 3rd period - Stopped by Craig Anderson without a rebound.
12:49 of 3rd period - Cody Eakin wins face-off versus Nathan MacKinnon in Jets zone.
13:26 of 3rd period - Penalty to Jacob Josefson is over, Jacob Josefson is back on ice.
14:03 of 3rd period - Snap shot by Troy Brouwer.
14:03 of 3rd period - Shot Misses the Net.
14:47 of 3rd period - Snap shot by Cody Eakin.
14:47 of 3rd period - Stopped by Craig Anderson without a rebound.
14:48 of 3rd period - Cody Eakin wins face-off versus Jay McClement in Jets zone.
15:15 of 3rd period - Trevor Daley is hit by Nathan MacKinnon and loses puck.
15:24 of 3rd period - Snap shot by Nathan MacKinnon.
15:24 of 3rd period - Shot Blocked by Trevor Daley.
15:26 of 3rd period - Slapshot by Anton Lindholm.
15:26 of 3rd period - Stopped by Calvin Pickard with a rebound.
15:46 of 3rd period - Snap shot by Marcus Kruger.
15:46 of 3rd period - Stopped by Craig Anderson with a rebound.
16:38 of 3rd period - Jori Lehtera is hit by Nate Prosser and loses puck.
16:51 of 3rd period - Slapshot by Alexey Marchenko.
16:51 of 3rd period - Stopped by Craig Anderson without a rebound.
16:52 of 3rd period - Nathan MacKinnon wins face-off versus Marcus Kruger in Jets zone.
16:59 of 3rd period - Snap shot by Wayne Simmonds.
16:59 of 3rd period - Stopped by Calvin Pickard with a rebound.
17:23 of 3rd period - Wrist shot by Cody Eakin.
17:23 of 3rd period - Shot Misses the Net.
17:41 of 3rd period - Wrist shot by Wayne Simmonds.
17:41 of 3rd period - Deflect By Nathan MacKinnon.
17:41 of 3rd period - Deflect By Ryan Reaves.
17:41 of 3rd period - Shot Blocked by Jori Lehtera.
17:41 of 3rd period - Puck is out of play.
17:42 of 3rd period - Nathan MacKinnon wins face-off versus Jori Lehtera in Blues zone.
17:51 of 3rd period - Wrist shot by Wayne Simmonds.
17:51 of 3rd period - Stopped by Calvin Pickard without a rebound.
17:52 of 3rd period - Jori Lehtera wins face-off versus Nathan MacKinnon in Blues zone.
18:06 of 3rd period - Slapshot by Ryan Reaves.
18:06 of 3rd period - Shot Blocked by Mark Pysyk.
18:08 of 3rd period - Slapshot by Ryan Reaves.
18:08 of 3rd period - Stopped by Craig Anderson with a rebound.
19:07 of 3rd period - Blues, Calvin Pickard is pulled from the net.
19:09 of 3rd period - Snap shot by Clarke MacArthur.
19:09 of 3rd period - Shot Blocked by Josh Manson.
19:11 of 3rd period - Snap shot by Cody Eakin.
19:11 of 3rd period - Stopped by Craig Anderson with a rebound.
19:15 of 3rd period - Snap shot by Clarke MacArthur.
19:15 of 3rd period - Shot Misses the Net.
19:17 of 3rd period - Slapshot by Alexey Marchenko.
19:17 of 3rd period - Shot Misses the Net.
19:19 of 3rd period - Slapshot by Julian Melchiori.
19:19 of 3rd period - Shot Blocked by Josh Manson.
19:21 of 3rd period - Slapshot by Alexey Marchenko.
19:21 of 3rd period - Stopped by Craig Anderson without a rebound.
19:22 of 3rd period - Brent Thompson call a timeout for Blues.
19:22 of 3rd period - Frederick Gaudreau wins face-off versus Cody Eakin in Jets zone.
19:26 of 3rd period - Off-side.
19:27 of 3rd period - Frederick Gaudreau wins face-off versus Cody Eakin in neutral zone.
Goals for this period are 0 for Blues vs 2 for Jets.
Shots for this period are 18 for Blues vs 7 for Jets.